Map: 이터널 엠파이어 - 래더

Players

PtitDrogo

  • Race: Protoss Protoss
  • Spawn Location: 7:00

Bunny - Winner!

  • Race: Terran Terran
  • Spawn Location: 1:00

Event: IEM Katowice 2020

VOD

Have the link to the VOD?

Description

Time

  • Played on: Feb. 25, 2020, 5:13 a.m.
  • Length: 11:46

All games in this series

Show
View Real Time Build Order
Export as new Build Order

PtitDrogo Protoss 

Build Orders: 1 Gate Expand, Colossus Rush 

Get SALT Encoding   

  12  0:00  Probe  
  13  0:13  Probe  
  14  0:17  Pylon  
  14  0:25  Probe (Chrono Boost)  
  15  0:37  Probe (Chrono Boost), Gateway  
  16  0:43  Probe (Chrono Boost)  
  16  0:46  Assimilator  
  17  0:51  Probe  
  18  1:03  Probe  
  19  1:15  Probe  
  20  1:23  Nexus  
  20  1:32  Cybernetics Core  
  20  1:36  Probe  
  21  1:40  Assimilator  
  21  1:48  Probe  
  21  1:51  Pylon  
  22  2:01  Probe  
  23  2:06  Stalker (Chrono Boost)  
  23  2:08  Warp Gate  
  23  2:13  Probe  
  26  2:22  Robotics Facility  
  26  2:25  Probe  
  27  2:31  Stalker  
  27  2:35  Probe (Chrono Boost)  
  30  2:37  Probe (Chrono Boost)  
  32  2:46  Probe (Chrono Boost)  
  32  2:47  Probe (Chrono Boost)  
  32  2:50  Probe (Chrono Boost)  
  33  2:51  Probe (Chrono Boost)  
  35  3:01  Probe, Sentry  
  35  3:03  Probe  
  39  3:08  Gateway  
  39  3:10  Observer (Chrono Boost)  
  39  3:12  Gateway  
  40  3:14  Probe  
  40  3:17  Probe  
  42  3:21  Pylon  
  42  3:24  Observer (Chrono Boost)  
  42  3:26  Probe  
  44  3:29  Probe  
  45  3:38  Probe (Chrono Boost)  
  46  3:45  Observer  
  46  3:46  Probe (Chrono Boost)  
  49  3:49  Nexus  
  49  3:50  Probe (Chrono Boost)  
  49  3:54  Pylon  
  49  3:55  Probe (Chrono Boost)  
  50  3:57  Probe (Chrono Boost)  
  50  3:59  Assimilator  
  50  4:01  Assimilator  
  51  4:04  Probe  
  51  4:06  Pylon  
  51  4:07  Probe  
  53  4:16  Probe  
  53  4:17  Stalker x2  
  53  4:19  Stalker  
  53  4:23  Probe  
  60  4:28  Probe  
  61  4:32  Robotics Bay  
  61  4:34  Pylon  
  61  4:35  Probe  
  62  4:41  Observer  
  62  4:42  Probe  
  62  4:45  Forge  
  64  4:46  Stalker  
  64  4:48  Probe (Chrono Boost)  
  67  4:53  Stalker  
  67  4:54  Probe (Chrono Boost), Stalker  
  73  5:00  Probe (Chrono Boost)  
  73  5:05  Probe (Chrono Boost)  
  75  5:07  Probe (Chrono Boost)  
  75  5:09  Probe (Chrono Boost)  
  75  5:12  Twilight Council  
  78  5:14  Probe (Chrono Boost)  
  78  5:15  Probe (Chrono Boost)  
  78  5:18  Probe (Chrono Boost), Colossus (Chrono Boost)  
  78  5:20  Probe (Chrono Boost)  
  80  5:21  Probe (Chrono Boost)  
  80  5:22  Protoss Ground Weapons Level 1 (Chrono Boost)  
  87  5:30  Pylon  
  87  5:32  Stalker  
  89  5:35  Stalker  
  89  5:37  Probe x2  
  93  5:43  Photon Cannon  
  93  5:45  Assimilator  
  93  5:47  Assimilator  
  93  5:49  Probe x2  
  96  5:51  Blink  
  96  5:56  Pylon, Shield Battery  
  95  5:59  Observer  
  95  6:06  Stalker x3  
  101  6:14  Probe (Chrono Boost)  
  94  6:22  Probe (Chrono Boost)  
  94  6:24  Probe (Chrono Boost)  
  96  6:26  Probe (Chrono Boost), Colossus  
  96  6:28  Extended Thermal Lance  
  96  6:29  Forge  
  104  6:33  Probe (Chrono Boost)  
  104  6:34  Probe x2 (Chrono Boost)  
  104  6:36  Robotics Facility  
  105  6:40  Pylon  
  105  6:42  Probe  
  105  6:43  Probe  
  105  6:47  Gateway x2  
  107  6:48  Gateway  
  107  6:51  Probe, Templar Archives  
  107  6:52  Pylon  
  108  7:03  Probe (Chrono Boost), Observer x2  
  103  7:09  Probe x2 (Chrono Boost)  
  99  7:15  Probe (Chrono Boost)  
  93  7:23  Observer  
  93  7:24  Probe (Chrono Boost)  
  93  7:25  Probe (Chrono Boost)  
  93  7:26  Protoss Ground Weapons Level 2 (Chrono Boost), Protoss Ground Armor Level 1 (Chrono Boost)  
  93  7:27  Probe (Chrono Boost)  
  96  7:31  Probe  
  96  7:33  Probe, Photon Cannon  
  98  7:38  Probe  
  94  7:45  Sentry  
  94  7:47  Warp Prism  
  101  7:51  Probe (Chrono Boost)  
  101  7:55  Dark Shrine  
  101  7:56  Probe x2 (Chrono Boost)  
  101  8:02  Probe (Chrono Boost)  
  101  8:05  Probe x2 (Chrono Boost)  
  104  8:06  Probe (Chrono Boost), Disruptor  
  104  8:10  Charge  
  108  8:15  Probe x2  
  108  8:17  Probe  
  109  8:21  Stalker x4  
  109  8:23  Sentry  
  119  8:45  Disruptor x2  
  119  8:47  Probe  
  120  8:53  Observer  
  120  8:55  Nexus  
  116  8:58  Pylon  
  116  9:01  Photon Cannon  
  117  9:03  Stalker  
  117  9:04  Stalker x3  
  123  9:11  Observer  
  123  9:14  Probe  
  124  9:21  Protoss Ground Armor Level 2 (Chrono Boost)  
  124  9:22  Pylon  
  124  9:24  Pylon  
  124  9:28  Pylon  
  124  9:30  Pylon, Gateway  
  124  9:32  Gateway  
  124  9:36  Pylon  
  124  9:38  Disruptor (Chrono Boost)  
  124  9:39  Pylon, Disruptor (Chrono Boost)  
  124  9:42  Dark Templar x4  
  138  9:52  Pylon  
  138  9:59  Nexus  
  138  10:06  Colossus  
  132  10:10  High Templar x2  
  142  10:14  Archon  
  142  10:15  Zealot x4  
  150  10:33  Zealot x2  
  154  10:38  High Templar x2  
  154  10:39  Zealot x2  
  160  10:43  Archon  
  155  10:56  Stalker x4  
  124  11:14  Zealot x3  
  124  11:15  Zealot  
  117  11:23  Stalker x4  
  117  11:24  Probe  
  99  11:36  Zealot x4  
Show
View Real Time Build Order
Export as new Build Order

Bunny Terran - Winner!

Build Orders:  

Get SALT Encoding   

  12  0:00  SCV  
  13  0:13  SCV  
  14  0:17  Supply Depot  
  14  0:25  SCV  
  15  0:38  SCV  
  15  0:39  Barracks  
  16  0:43  Refinery  
  16  0:50  SCV  
  17  1:03  SCV  
  18  1:15  SCV  
  19  1:26  Marine  
  19  1:27  Orbital Command  
  20  1:42  Command Center  
  20  1:54  Factory  
  20  1:55  SCV  
  21  2:02  Barracks Reactor  
  21  2:04  Supply Depot  
  21  2:09  SCV  
  21  2:12  Refinery  
  22  2:21  SCV  
  23  2:33  SCV  
  24  2:37  Factory Tech Lab  
  24  2:39  Marine x2  
  24  2:42  Armory  
  26  2:45  SCV  
  27  2:57  SCV  
  28  3:00  Orbital Command  
  28  3:01  Marine  
  28  3:03  Cyclone  
  32  3:09  SCV, Marine  
  34  3:22  SCV  
  34  3:23  Starport  
  34  3:26  SCV  
  36  3:27  Marine x2  
  36  3:32  Supply Depot  
  36  3:33  Drilling Claws  
  38  3:35  SCV  
  38  3:39  SCV  
  40  3:42  Widow Mine  
  40  3:47  SCV  
  43  3:51  SCV  
  43  3:53  Supply Depot  
  43  3:54  Marine x2  
  46  4:00  SCV, Medivac  
  49  4:03  SCV  
  49  4:06  Widow Mine  
  52  4:13  SCV  
  52  4:15  SCV  
  54  4:18  Supply Depot  
  54  4:23  Marine x2  
  56  4:25  SCV  
  56  4:27  SCV, Widow Mine  
  60  4:37  SCV  
  61  4:39  SCV  
  61  4:42  Command Center  
  62  4:50  Supply Depot  
  62  4:51  SCV x2  
  64  5:00  Medivac  
  64  5:01  Barracks  
  64  5:02  Barracks  
  64  5:05  Widow Mine x2  
  70  5:11  Supply Depot  
  70  5:12  SCV x2  
  72  5:15  Stimpack  
  72  5:16  Marine  
  73  5:24  SCV x2, Refinery x2  
  73  5:28  Widow Mine  
  77  5:33  Widow Mine  
  79  5:35  Engineering Bay  
  79  5:36  Engineering Bay  
  79  5:38  Marauder  
  79  5:40  Medivac  
  83  5:44  SCV x2  
  83  5:49  Barracks Tech Lab  
  85  5:50  Barracks Reactor  
  85  5:54  Supply Depot, Widow Mine x2  
  89  5:57  Orbital Command  
  89  6:07  Terran Infantry Weapons Level 1  
  89  6:09  Terran Infantry Armor Level 1  
  89  6:10  Barracks  
  89  6:11  Barracks  
  89  6:15  Orbital Command  
  89  6:16  Marauder x2  
  93  6:24  SCV x2  
  95  6:28  Factory Reactor  
  91  6:34  Marine x2  
  91  6:35  Combat Shield, Supply Depot  
  91  6:36  SCV x2, Supply Depot  
  95  6:41  Medivac  
  95  6:42  SCV  
  95  6:46  Medivac  
  100  6:47  Refinery  
  100  6:48  SCV x2  
  100  6:51  Supply Depot x2  
  100  6:54  Marine x2, Marauder x2  
  106  7:01  SCV x3  
  109  7:03  Barracks Reactor, Barracks Tech Lab  
  109  7:05  Widow Mine x2  
  111  7:13  Marine x2  
  111  7:15  Marauder x2  
  117  7:16  Supply Depot  
  117  7:19  Medivac  
  117  7:20  SCV x2  
  117  7:21  SCV  
  120  7:29  Supply Depot  
  120  7:30  Marine  
  120  7:31  Marine, Concussive Shells, Marauder  
  120  7:32  Supply Depot  
  120  7:34  Armory  
  124  7:37  SCV x2  
  124  7:38  SCV  
  124  7:39  Supply Depot  
  124  7:42  Medivac  
  124  7:44  Marine x2, Refinery  
  120  7:48  Marine x2  
  120  7:49  Marauder  
  120  7:50  Marauder  
  127  7:55  Widow Mine x2  
  127  7:56  Supply Depot  
  131  7:58  SCV  
  131  7:59  SCV x2  
  131  8:04  Marine x2  
  136  8:08  Supply Depot  
  136  8:10  Supply Depot  
  137  8:12  SCV  
  137  8:13  SCV x2  
  137  8:15  Marauder  
  137  8:16  Marauder x2  
  137  8:17  Terran Infantry Weapons Level 2  
  145  8:20  Terran Infantry Armor Level 2  
  145  8:25  Terran Ship Weapons Level 1  
  145  8:29  Medivac  
  147  8:40  SCV x3  
  142  8:42  Starport  
  142  8:43  Marauder x3  
  142  8:44  Marine x3  
  142  8:46  Marine  
  142  8:48  Viking  
  145  8:59  Viking  
  145  9:01  Marine  
  145  9:02  Marine x2  
  150  9:03  Marine  
  150  9:05  Marauder x3  
  157  9:10  Command Center  
  153  9:19  Marine x3  
  153  9:20  Viking x3  
  153  9:21  Marine  
  163  9:26  Missile Turret, Marauder  
  163  9:31  Viking, Ghost Academy  
  165  9:33  Missile Turret  
  165  9:38  SCV x3  
  170  9:50  Viking, Marauder x3  
  170  9:52  Missile Turret  
  178  9:55  Missile Turret  
  178  9:57  Viking  
  180  10:00  Viking  
  182  10:08  Viking  
  182  10:10  Enhanced Shockwaves  
  182  10:13  Missile Turret  
  184  10:14  SCV x3  
  187  10:24  Planetary Fortress  
  187  10:25  Refinery  
  187  10:27  Refinery  
  189  10:31  SCV x3  
  187  10:48  Command Center  
  187  10:51  Unknown x2  
  193  10:58  Barracks  
  193  10:59  Barracks  
  193  11:00  Barracks  
  150  11:21  Unknown x2  
  150  11:22  Marine x2, Unknown  
  143  11:28  Marine x2  

Tags
 
Add a new tag
Caveats
  • Supply blocks, unpowered buildings, or Contaminate may cause inaccurate times.
  • Supply counts are checked every 10 seconds.